 Dungeon Crawl Stone Soup version 0.29.1-1-gd02db6906a (webtiles) character file.

Game seed: 13831398607291347826

114 RascalDebosk the Magician (level 5, -1/38 HPs)
             Began as a Djinni Conjurer on Oct 21, 2022.
             Slain by Terence
             ... wielding a +0 hand axe
              (3 damage)
             ... on level 3 of the Dungeon.
             The game lasted 00:14:40 (2280 turns).

RascalDebosk the Magician (Djinni Conjurer)         Turns: 2280, Time: 00:14:40

Health: -1/38      AC:  4    Str:  6    XL:     5   Next: 19%
Gold:   216        EV: 12    Int: 21    God:
                   SH:  0    Dex: 12

rFire   + + +      SeeInvis .   s - +1 dagger (pain)
rCold   x . .      Faith    .   (no shield)
rNeg    . . .      Spirit   .   a - +0 robe
rPois   ∞          Reflect  .   m - +0 helmet of Fanaticism {Will+}
rElec   .          Harm     .   (no cloak)
rCorr   .          Rampage  .   c - +0 pair of gloves
Will    +....                   (boots unavailable)
Stlth   ++........              (no amulet)
HPRegen 0.12/turn               g - ring of protection from fire
MPRegen 0.00/turn               (no ring)

@: flying, very slightly contaminated
A: sickness immunity, fire resistance 2, cold vulnerability 1, float, innate
caster, HP casting, extra vitality 1
a: no special abilities


You were on level 3 of the Dungeon.
You visited 1 branch of the dungeon, and saw 3 of its levels.

You collected 216 gold pieces.

Inventory:

Hand Weapons
 s - a +1 dagger of pain (weapon)
Armour
 a - a +0 robe (worn)
 c - a +0 pair of gloves (worn)
 m - the +0 helmet of Fanaticism (worn) {Will+}
   (You took it off Robin on level 2 of the Dungeon)

   Will:      It increases your willpower.
Jewellery
 g - a ring of protection from fire (left hand)
Wands
 n - a wand of digging (2)
Scrolls
 b - a scroll of summoning {unknown}
 f - a scroll of immolation {unknown}
 i - 3 scrolls of enchant armour {unknown}
 j - a scroll of poison {unknown}
 l - a scroll of brand weapon {unknown}
Potions
 d - 5 potions of heal wounds {unknown}
 e - 2 potions of attraction {unknown}
 h - 2 potions of might {unknown}
 k - a potion of flight {unknown}
 o - 2 potions of invisibility {unknown}


   Skills:
 + Level 1.9 Fighting
 - Level 2.1 Dodging
 - Level 1.5 Stealth
 * Level 4.1 Spellcasting
 + Level 2.0 Evocations


You couldn't memorise any spells.
You knew the following spells:

 Your Spells              Type           Power      Damage    Failure   Level
a - Magic Dart            Conj           84%        1d7       2%          1
b - Searing Ray           Conj           42%        2d6       3%          2
c - Dazzling Flash        Conj/Hex       42%        N/A       6%          3
d - Fulminant Prism       Conj/Hex       10%        3d9       22%         4
e - Iskenderun's Mystic   Conj/Tloc      21%        2d6       22%         4
f - Apportation           Tloc           42%        N/A       2%          1
g - Blink                 Tloc           42%        N/A       3%          2
Your spell library was empty.

Dungeon Overview and Level Annotations

Branches:
Dungeon (3/15)

Altars:

Annotations:
D:3 Terence


Innate Abilities, Weirdness & Mutations

You are immune to sickness and miasma.
You are immune to poison.
Your flesh is very heat resistant. (rF++)
You are vulnerable to cold. (rC-)
You float through the air rather than walking.
You learn spells naturally, not from books.
Your magical power is your life essence.
You have superior vitality. (+4 MHP)


Message History

The magic dart hits the kobold but does no damage.
The kobold throws a stone.
The stone completely misses you.
Aiming: Magic Dart (safe; 2% risk of failure)
Press: ? - help, Q - select action, (/) - cycle Shift-Dir - straight line, f/p - kobold
Aim: a kobold, wielding a +0 whip, wearing a +0 chain mail and quivering stones (100% to hit)
The magic dart hits the kobold.
The kobold is moderately wounded.
Aiming: Magic Dart (safe; 2% risk of failure)
Press: ? - help, Q - select action, (/) - cycle Shift-Dir - straight line, f/p - kobold
Aim: a kobold, wielding a +0 whip, wearing a +0 chain mail and quivering stones (moderately wounded, 100% to hit)
The magic dart hits the kobold.
You kill the kobold!
Things that are here:
a +0 whip; 4 stones; a +0 chain mail
Found a stone staircase leading up.
There is a stone staircase leading up here.
Found a stone staircase leading down.
o - 2 amethyst potions
There is a stone staircase leading down here.
Things that are here:
a +0 sling; a +0 club; a goblin skeleton
There is a shaft here.
Done exploring.
Done exploring.
There is a stone staircase leading down here.
You fly downwards.
Found a robe.
There is a stone staircase leading up here.
You fly upwards.
There is a stone staircase leading down here.
You fly downwards.
There is a stone staircase leading up here.
You see here a +0 robe.
A frilled lizard comes into view.
Aiming: Magic Dart (safe; 2% risk of failure)
Press: ? - help, Q - select action, (/) - cycle Shift-Dir - straight line, f - frilled lizard
Aim: a frilled lizard (asleep, 100% to hit)
The magic dart hits the frilled lizard.
You kill the frilled lizard!
HP restored. 2 orcs come into view.
Found 8 gold pieces.
The orc shouts!
An orc priest comes into view. It is wielding a +0 dagger.
Casting: Magic Dart (safe; 2% risk of failure)
Confirm with . or Enter, or press ? or * to list all spells.
The spell is extremely dangerous to miscast (22% risk of failure)!
Continue anyway?
Aiming: Fulminant Prism (extremely dangerous; 22% risk of failure)
Press: ? - help, Dir - move target You conjure a prism of explosive energy!
The orc shouts!
The orc priest shouts!
A fulminant prism comes into view.
An orc priest comes into view. It is wielding a +0 flail.
An orc comes into view. It is wielding a +0 short sword.
Something hits your fulminant prism.
Your fulminant prism detonates feebly.
Terence the Incautious comes into view.
He is wielding a +0 hand axe.
Casting: Fulminant Prism (extremely dangerous; 22% risk of failure)
Confirm with . or Enter, or press ? or * to list all spells.
Aiming: Searing Ray (safe; 3% risk of failure)
Press: ? - help, Shift-Dir - straight line, f - orc
Aim: an orc, wielding a +0 club (78% to hit)
The searing ray hits the orc!
You kill the orc! (Press . to maintain the ray.) Terence shouts!
The searing ray hits the orc priest!
The orc priest is severely wounded.
The searing ray misses the orc priest.
The searing ray hits Terence.
Terence is moderately wounded.
The searing ray hits the orc priest.
The orc priest is almost dead.
The searing ray misses Terence.
You finish channelling your searing ray.
The orc priest hits you with a +0 flail!
The orc priest calls down the wrath of Beogh upon you.
Beogh smites you!
* * * LOW HITPOINT WARNING * * *
Casting: Searing Ray (safe; 3% risk of failure)
Confirm with . or Enter, or press ? or * to list all spells.
Aiming: Searing Ray (safe; 3% risk of failure)
Press: ? - help, Shift-Dir - straight line, f - orc priest
Aim: an orc priest, wielding a +0 dagger and wearing a +0 leather armour (78% to hit)
The searing ray hits the orc priest!
You kill the orc priest!
The searing ray misses Terence.
The searing ray misses the orc priest. (Press . to maintain the ray.)
* * * LOW HITPOINT WARNING * * *
Your Evocations skill increases to level 2!
You have reached level 5!
The power to cast Blink wells up from within.
Spell assigned to 'g'.
Casting: Searing Ray (safe; 3% risk of failure)
Confirm with . or Enter, or press ? or * to list all spells.
You miscast Blink.
You are very lightly contaminated with residual magic.
Nothing appears to happen.
* * * LOW HITPOINT WARNING * * *
Terence hits you with a +0 hand axe.
You die...

#.########
#.# #.#
#.# #.#
#[# #.#
#.# #@#
#@# #o#
#.# #)#
#o# #o#
#.†.$oo.#
###.##@##


You could see Terence, an orc priest and 2 orcs.

Vanquished Creatures
  An orc priest (D:3)
  Jessica (D:2)
  Robin (D:2)
  An adder (D:2)
  A worm (D:2)
  An orc (D:3)
  3 ball pythons
  3 endoplasms
  A giant cockroach (D:2)
  7 goblins (D:2)
  6 hobgoblins (D:2)
  3 kobolds
  A quokka (D:1)
  2 bats
  2 frilled lizards
  A rat (D:1)
35 creatures vanquished.

Vanquished Creatures (others)
  4 fulminant prisms
4 creatures vanquished.

Grand Total: 39 creatures vanquished

Notes
Turn   | Place    | Note
-------+----------+-------------------------------------------
     0 | D:1      | RascalDebosk the Djinni Conjurer began the quest for the
                  | Orb.
     0 | D:1      | RascalDebosk set off with the following spells memorised:
                  | Magic Dart, Searing Ray, Dazzling Flash, Fulminant Prism,
                  | Iskenderun's Mystic Blast.
     0 | D:1      | Reached XP level 1. HP: 15/15 MP: 0/0
   340 | D:1      | Reached XP level 2. HP: 19/22 MP: 0/0
   921 | D:2      | Found a faded altar of an unknown god.
   932 | D:2      | Reached skill level 1 in Fighting
   932 | D:2      | Reached skill level 1 in Evocations
   932 | D:2      | Reached XP level 3. HP: 12/27 MP: 0/0
   932 | D:2      | Learned a level 1 spell: Apportation
  1125 | D:2      | Noticed Jessica
  1133 | D:2      | Killed Jessica
  1134 | D:2      | Reached XP level 4. HP: 17/32 MP: 0/0
  1736 | D:2      | Identified the +0 helmet of Fanaticism {Will+}
  1736 | D:2      | Noticed Robin
  1745 | D:2      | Killed Robin
  1749 | D:2      | Reached skill level 4 in Spellcasting
  2267 | D:3      | Noticed Terence
  2280 | D:3      | Reached XP level 5. HP: 4/38 MP: 0/0
  2280 | D:3      | Learned a level 2 spell: Blink
  2280 | D:3      | Slain by Terence

Illustrated notes

Levels and vault maps discovered:
D:1:      minmay_arrival_shattered_statue, layout_loops_ring
D:2:      layout_loops_cross, basic_ecumenical_altar,
          minmay_misc_feat_nine_boxes, uniq_jessica, uniq_robin
D:3:      layout_loops_ring, uniq_grinder, uniq_terence

Skill      XL: |  1  2  3  4 |
---------------+-------------+-----
Fighting       | 1 |  1.9
Evocations     | 1 2 |  2.0
Spellcasting   | 4 |  4.1
Dodging        | |  2.1
Stealth        | |  1.5

Action                   |  1- 3 |  4- 6 || total
-------------------------+-------+-------++-------
 Cast: Magic Dart        |    31 |    25 ||    56
       Searing Ray       |     1 |     3 ||     4
       Fulminant Prism   |       |     4 ||     4
       Iskenderun's Myst |       |     1 ||     1
Armor: Robe              |       |     1 ||     1
Dodge: Dodged            |     3 |     2 ||     5
